 Dungeon Crawl Stone Soup version 0.31-a0-219-g8d62b2e7bb (webtiles) character file.

Game seed: 1418529092027908119

90 qw the Chopper (level 4, -1/28 HPs)
             Began as a Gargoyle Fighter on July 3, 2023.
             Slain by Terence
             ... wielding a +2 short sword of speed
              (2 damage)
             ... on level 3 of the Dungeon.
             The game lasted 00:00:54 (1464 turns).

qw the Chopper (Gargoyle Fighter)                   Turns: 1464, Time: 00:00:55

Health: -1/28      AC: 11    Str: 21    XL:     4   Next: 56%
Magic:  4/4        EV:  8    Int:  9    God:
Gold:   110        SH:  8    Dex:  9    Spells: 3/3 levels left

rFire   . . .        Y - +1 war axe
rCold   . . .        n - +0 kite shield
rNeg    + . .        b - +0 scale mail
rPois   inf          g - +0 helmet
rElec   +            (no cloak)
rCorr   .            (no gloves)
SInv    .            (no boots)
Will    .....        (no amulet) Stlth
                     (no ring)
HPRegen 0.24/turn    (no ring)
MPRegen 0.09/turn

%: no passive effects
@: about to teleport
A: sickness immunity, AC +3, negative energy resistance 1, electricity
resistance, torment resistance 1, petrification resistance
a: no special abilities


You were on level 3 of the Dungeon.
You visited 1 branch of the dungeon, and saw 3 of its levels.

You collected 110 gold pieces.


Innate Abilities, Weirdness & Mutations

You are immune to sickness and miasma.
Your stone body is resilient. (AC +3)
You are immune to poison.
You resist negative energy. (rN+)
You are resistant to electric shocks. (rElec)
You are resistant to unholy torment.
You are immune to petrification.


   Skills:
 - Level 3.2 Fighting
 - Level 4.0 Axes
 - Level 3.2 Armour
 + Level 3.6 Shields


You had 3 spell levels left.
You didn't know any spells.
Your spell library was empty.

Inventory:

Hand Weapons
 h - a +0 whip
 Y - a +1 war axe (weapon)
Armour
 b - a +0 scale mail (worn)
 g - a +0 helmet (worn)
 n - a +0 kite shield (worn)
Scrolls
 j - a scroll of identify
Potions
 d - a potion of might
 f - a potion of resistance
 i - 2 potions of curing
 l - a potion of haste {unknown}
 m - a potion of berserk rage {unknown}

Dungeon Overview and Level Annotations

Branches:
Dungeon (3/15)

Altars:
Kikubaaqudgha

Annotations:
D:3 Terence


Message History

Terence is moderately wounded.
You slash the scorpion! You hit the river rat but do no damage.
You block Terence's attack. You block the river rat's attack.
The scorpion stings you but does no damage.
Terence hits you with a +2 short sword of speed.
You slash the scorpion!
The scorpion is almost dead.
You hit the river rat. You hit Terence. You barely miss the rat.
The scorpion stings you.
The river rat bites you but does no damage.
Terence hits you with a +2 short sword of speed!
You block Terence's attack.
The scorpion stings you but does no damage.
The rat bites you but does no damage.
A river rat comes into view.
The river rat bites you but does no damage.
1462 ||| READING scroll of teleportation.
As you read the scroll of teleportation, it crumbles to dust.
You feel strangely unstable. Terence hits you but does no damage.
You block the scorpion's attack. The rat bites you but does no damage.
The river rat bites you but does no damage.
Terence hits you but does no damage.
You closely miss the scorpion.
The scorpion is almost dead.
You hit the river rat but do no damage. You closely miss Terence.
You closely miss the rat. The scorpion stings you.
Terence hits you but does no damage. The rat barely misses you.
The river rat barely misses you. The scorpion barely misses you.
You block Terence's attack.
You hit the scorpion but do no damage.
The scorpion is almost dead.
You hit the river rat. You slash Terence! You slash the rat!
You kill the rat!
You hear the slow rusting of a drain very nearby.
You block the river rat's attack. The scorpion barely misses you.
Terence hits you but does no damage. Terence shouts, "Now you die!"
Terence hits you with a +2 short sword of speed.
You die...

......#
#.....
#####.....
........#
#..#...
#.....#
#..)sr###..~
#@@SSw..~
#.###r...
#.# ~ #.#
###.# #...#
#.### ##.#
#..#


You could see Terence, a worm, a scorpion, 2 adders and 2 river rats.

Vanquished Creatures
  5 adders
  2 dart slugs
  3 bats
  5 endoplasms
  3 giant cockroaches
  2 goblins (D:3)
  3 hobgoblins
  2 quokkas (D:2)
  3 ball pythons
  A frilled lizard (D:2)
  6 kobolds
  9 rats
44 creatures vanquished.

Vanquished Creatures (others)
  An orc (D:3)
1 creature vanquished.

Grand Total: 45 creatures vanquished

Notes
Turn   | Place    | Note
-------+----------+-------------------------------------------
     0 | D:1      | qw the Gargoyle Fighter began the quest for the Orb.
     0 | D:1      | Reached XP level 1. HP: 14/14 MP: 1/1
     0 | D:1      | 0 ||| qw: Version: 0.3-a-40-ge99b1a8
     0 | D:1      | 0 ||| qw: Game counter: 430
     0 | D:1      | 0 ||| qw: Melee chars always use a shield: true
     0 | D:1      | 0 ||| qw: God list: Okawaru
     0 | D:1      | 0 ||| qw: Allow faded altars: false
     0 | D:1      | 0 ||| qw: Do Orc after clearing Dungeon:15 true
     0 | D:1      | 0 ||| qw: Do second Lair branch before Depths: true
     0 | D:1      | 0 ||| qw: Lair rune preference: random
     0 | D:1      | 0 ||| qw: Goals: Normal, Zot:1-4, Slime:5, God:TSO, Crypt,
                  | Tomb, Abyss, Pan, Hells, Win
     0 | D:1      | 0 ||| PLANNING D:1-11
   153 | D:1      | Reached skill level 2 in Axes
   350 | D:1      | 350 ||| Stepping ~*~*~tactically~*~*~ (hiding).
   355 | D:1      | Reached XP level 2. HP: 19/19 MP: 2/2
   633 | D:1      | 633 ||| Stepping ~*~*~tactically~*~*~ (stealth).
   634 | D:1      | 634 ||| Stepping ~*~*~tactically~*~*~ (stealth).
   714 | D:1      | 714 ||| DROPPING ring of wizardry.
   715 | D:1      | 715 ||| READING 2 scrolls labelled AJIUJ PIGEDIQO.
   719 | D:1      | 719 ||| READING scroll labelled YROTHUZIMM.
   720 | D:1      | 720 ||| READING scroll labelled JUSUSA ZOUSS.
   721 | D:1      | 721 ||| READING scroll labelled PITAZE AZUTA.
   822 | D:1      | 822 ||| READING scroll labelled AWIKYA MUTIFF.
   823 | D:1      | 823 ||| READING scroll labelled ERIHOP GAUPE.
   824 | D:1      | 824 ||| READING scroll labelled SITIHEUNEO.
   825 | D:1      | 825 ||| DRINKING 3 black potions.
   875 | D:2      | Reached skill level 3 in Axes
   875 | D:2      | Reached XP level 3. HP: 23/23 MP: 3/3
   900 | D:2      | 900 ||| Stepping ~*~*~tactically~*~*~ (hiding).
   901 | D:2      | 901 ||| Stepping ~*~*~tactically~*~*~ (hiding).
   948 | D:2      | 948 ||| FLEEEEING.
   949 | D:2      | 949 ||| FLEEEEING.
   950 | D:2      | 950 ||| FLEEEEING.
   951 | D:2      | 951 ||| STAIRDANCE
   967 | D:1      | 967 ||| READING scroll labelled COHEIF YLIY.
  1029 | D:2      | 1029 ||| Stepping ~*~*~tactically~*~*~ (stealth).
  1172 | D:2      | 1172 ||| Stepping ~*~*~tactically~*~*~ (stealth).
  1179 | D:2      | Reached XP level 4. HP: 28/28 MP: 4/4
  1219 | D:2      | Reached skill level 4 in Axes
  1227 | D:2      | Found an ancient bone altar of Kikubaaqudgha.
  1385 | D:2      | 1385 ||| UPGRADING to +0 helmet.
  1390 | D:2      | 1390 ||| UPGRADING to +0 kite shield.
  1400 | D:2      | 1400 ||| DROPPING +0 buckler.
  1401 | D:2      | 1401 ||| READING scroll labelled PIAGEUSOT.
  1402 | D:2      | 1402 ||| READING 3 scrolls labelled ROCETO HUKYHO.
  1403 | D:2      | 1403 ||| DRINKING 2 clear potions.
  1404 | D:2      | 1404 ||| READING 2 scrolls of identify.
  1404 | D:2      | 1404 ||| IDENTIFYING fizzy inky potion
  1405 | D:2      | 1405 ||| DROPPING 2 scrolls of blinking.
  1406 | D:2      | 1406 ||| DROPPING potion of brilliance.
  1422 | D:3      | 1422 ||| PLANNING SEWER
  1453 | D:3      | Noticed a scorpion
  1455 | D:3      | Noticed Terence
  1461 | D:3      | HP: 2/28 [Terence/+2 short sword of speed (8)]
  1462 | D:3      | 1462 ||| READING scroll of teleportation.
  1464 | D:3      | Slain by Terence

Levels and vault maps discovered:
D:1:      dpeg_arrival_round_a, layout_basic
D:2:      layout_rooms, basic_altar, amcnicky_mini_pool_small
D:3:      layout_rooms, elyvilon_altar_4, lightli_sewer_entry_pipes,
          minivault_19, uniq_terence

Skill      XL: |  1  2  3  4 |
---------------+-------------+-----
Axes           | 2 3 4 |  4.0
Fighting       | |  3.2
Armour         | |  3.2
Shields        | |  3.6

Action                     |  1- 3 |  4- 6 || total
---------------------------+-------+-------++-------
  Melee: War axe           |    87 |    26 ||   113
    Use: Scroll            |     8 |     4 ||    12
         Potion            |     1 |     1 ||     2
 Armour: Scale mail        |    39 |    24 ||    63
  Dodge: Dodged            |    44 |    12 ||    56
  Block: Buckler           |    11 |       ||    11
         Kite shield       |       |    18 ||    18

Table legend:
 A = Non-vault XP
 B = Vault XP
 C = Vault XP percentage of total XP
 D = Non-vault monster count
 E = Vault monster count
 F = Vault count percentage of total count
                 A         B        C        D         E       F
            +---------+---------+-------+---------+---------+-------
      Total |     129 |       1 |   0.8 |      43 |       1 |   2.3
            +---------+---------+-------+---------+---------+-------
        D:1 |      24 |       0 |   0.0 |      15 |       0 |   0.0
        D:2 |      82 |       0 |   0.0 |      23 |       0 |   0.0
        D:3 |      23 |       1 |   4.2 |       5 |       1 |  16.7
            +---------+---------+-------+---------+---------+-------
